 Dungeon Crawl Stone Soup version 0.31-a0-234-gad7ace16ef (webtiles) character file.

Game seed: 9259496216409005922

61 qw the Shooter (level 4, 0/26 HPs)
             Began as a Gargoyle Hexslinger on July 9, 2023.
             Slain by a hobgoblin (3 damage)
             ... led by Robin
             ... on level 2 of the Dungeon.
             The game lasted 00:00:25 (1271 turns).

qw the Shooter (Gargoyle Hexslinger)                Turns: 1271, Time: 00:00:26

Health: 0/26       AC:  5    Str: 12    XL:     4   Next: 7%
Magic:  5/5        EV: 12    Int: 13    God:
Gold:   23         SH:  0    Dex: 14    Spells: 4/5 levels left

rFire   . . .        Y - +1 sling
rCold   . . .        (no shield)
rNeg    + . .        c - +0 robe
rPois   inf          (no helmet)
rElec   +            (no cloak)
rCorr   .            (no gloves)
SInv    .            (no boots)
Will    .....        (no amulet)
Stlth   +            (no ring)
HPRegen 0.24/turn    (no ring)
MPRegen 0.09/turn

%: no passive effects
@: no status effects
A: sickness immunity, AC +3, negative energy resistance 1, electricity
resistance, torment resistance 1, petrification resistance
a: no special abilities


You were on level 2 of the Dungeon.
You visited 1 branch of the dungeon, and saw 2 of its levels.

You collected 23 gold pieces.


Innate Abilities, Weirdness & Mutations

You are immune to sickness and miasma.
Your stone body is resilient. (AC +3)
You are immune to poison.
You resist negative energy. (rN+)
You are resistant to electric shocks. (rElec)
You are resistant to unholy torment.
You are immune to petrification.


   Skills:
 - Level 2.0 Fighting
 + Level 3.9 Ranged Weapons
 - Level 1.5 Dodging
 - Level 1.0 Spellcasting
 - Level 2.6 Hexes


You had 4 spell levels left.
You knew the following spells:

 Your Spells              Type           Power      Damage    Failure   Level
a - Slow                  Hex            28%        N/A       10%         1

Your spell library contained the following spells:

 Spells                   Type           Power      Damage    Failure   Level
 Inner Flame              Hex/Fire       4%         N/A       43%         3
 Portal Projectile        Hex/Tloc       8%         N/A       43%         3
 Cause Fear               Hex            3%         N/A       67%         4

Inventory:

Hand Weapons
 Y - a +1 sling (weapon)
Armour
 c - a +0 robe (worn)
Scrolls
 e - a scroll of identify
Potions
 g - 2 potions of curing

Dungeon Overview and Level Annotations

Branches:
Dungeon (2/15)

Altars:
Ru

Annotations:
D:2 Robin


Message History

The sling bullet barely misses the goblin. x2
The sling bullet barely misses the hobgoblin.
The hobgoblin no longer looks unusually strong.
The goblin hits you but does no damage.
The hobgoblin hits you but does no damage.
You shoot a sling bullet. The sling bullet hits the goblin.
You kill the goblin!
The hobgoblin hits you.
You shoot a sling bullet. The sling bullet hits the goblin.
The goblin is heavily wounded.
The goblin closely misses you.
The hobgoblin hits you but does no damage.
You shoot a sling bullet. The sling bullet hits the goblin.
You kill the goblin!
The hobgoblin barely misses you. The hobgoblin completely misses you.
The hobgoblin closely misses you.
You shoot a sling bullet.
The sling bullet barely misses the hobgoblin.
The sling bullet hits Robin!
Robin is heavily wounded.
Robin closely misses you. The hobgoblin completely misses you.
The hobgoblin hits you but does no damage.
You shoot a sling bullet.
The sling bullet barely misses the hobgoblin.
The sling bullet hits Robin but does no damage.
Robin is heavily wounded.
The hobgoblin hits you. x2
You shoot a sling bullet.
The sling bullet completely misses the hobgoblin.
The sling bullet hits Robin but does no damage.
Robin is heavily wounded.
Robin roars a battlecry!
The goblins go into a battle-frenzy!
The hobgoblin hits you. The hobgoblin barely misses you.
You shoot a sling bullet.
The sling bullet hits the hobgoblin but does no damage.
Robin misses you.
The hobgoblin hits you but does no damage.
The hobgoblin hits you.
You die...

##################
***********
...............g@#
*,,,,,,,,,,
################g#
*,********* *,,,,#g# *,*
*,,,,)g# *,*
*,,,,..#*****,**** *******
*,,,...#*,,,,,,,,* ,,,,,,*
*,,,...#*,,,,,,,,* ,,,...#
***....#*,,,,,,,,*
,.....#####**,,,,,,,,,,,,,,*


You could see Robin, 2 hobgoblins and a goblin (strong).

Vanquished Creatures
  2 adders (D:2)
  2 dart slugs
  2 endoplasms
  A giant cockroach (D:1)
  10 goblins
  4 hobgoblins
  2 quokkas (D:1)
  3 bats
  3 frilled lizards
  6 kobolds
35 creatures vanquished.

Notes
Turn   | Place    | Note
-------+----------+-------------------------------------------
     0 | D:1      | qw the Gargoyle Hexslinger began the quest for the Orb.
     0 | D:1      | Reached XP level 1. HP: 12/12 MP: 2/2
     0 | D:1      | 0 ||| qw: Version: 0.3-a-51-g015441d
     0 | D:1      | 0 ||| qw: Game counter: 4336
     0 | D:1      | 0 ||| qw: Melee chars always use a shield: true
     0 | D:1      | 0 ||| qw: God list: Okawaru
     0 | D:1      | 0 ||| qw: Allow faded altars: false
     0 | D:1      | 0 ||| qw: Do Orc after clearing Dungeon:15 true
     0 | D:1      | 0 ||| qw: Do second Lair branch before Depths: true
     0 | D:1      | 0 ||| qw: Lair rune preference: random
     0 | D:1      | 0 ||| qw: Goals: Normal
     0 | D:1      | 0 ||| PLANNING D:1-11
   142 | D:1      | Reached XP level 2. HP: 12/16 MP: 3/3
   261 | D:1      | You fall into a shaft and drop 1 floor!
   325 | D:2      | Found a sacrificial altar of Ru.
   412 | D:2      | 412 ||| READING scroll labelled PIDUHIHEWNA.
   413 | D:2      | 413 ||| READING 3 scrolls labelled ZYOTEU AFOXT.
   414 | D:2      | 414 ||| READING scroll labelled VEMALALUSI.
   415 | D:2      | 415 ||| READING 2 scrolls of identify.
   415 | D:2      | 415 ||| IDENTIFYING fizzy purple potion
   416 | D:2      | 416 ||| DROPPING scroll of poison.
   424 | D:2      | Reached skill level 3 in Ranged Weapons
   481 | D:1      | Reached XP level 3. HP: 20/20 MP: 4/4
   968 | D:2      | 968 ||| FLEEEEING.
   974 | D:2      | 974 ||| STAIRDANCE
  1249 | D:2      | Noticed Robin
  1260 | D:2      | Reached XP level 4. HP: 13/26 MP: 5/5
  1269 | D:2      | HP: 4/26 [hobgoblin[Robin] (4)]
  1271 | D:2      | Slain by a hobgoblin

Levels and vault maps discovered:
D:1:      roderic_octagonal_star, layout_basic
D:2:      layout_basic, basic_altar, uniq_robin

Skill      XL: |  1  2  3 |
---------------+----------+-----
Ranged Weapons | 3 |  3.9
Fighting       | 2 |  2.0
Dodging        | |  1.5
Spellcasting   | |  1.0
Hexes          | |  2.6

Action                     |  1- 3 |  4- 6 || total
---------------------------+-------+-------++-------
   Fire: Sling             |    92 |    12 ||   104
    Use: Scroll            |     4 |       ||     4
 Armour: Robe              |    16 |     7 ||    23
  Dodge: Dodged            |    33 |    14 ||    47

Table legend:
 A = Non-vault XP
 B = Vault XP
 C = Vault XP percentage of total XP
 D = Non-vault monster count
 E = Vault monster count
 F = Vault count percentage of total count
                 A         B        C        D         E       F
            +---------+---------+-------+---------+---------+-------
      Total |      70 |      18 |  20.5 |      26 |       9 |  25.7
            +---------+---------+-------+---------+---------+-------
        D:1 |      33 |       0 |   0.0 |      18 |       0 |   0.0
        D:2 |      37 |      18 |  32.7 |       8 |       9 |  52.9
            +---------+---------+-------+---------+---------+-------
